 Dungeon Crawl Stone Soup version 0.23-b1-75-g379dba2534 (webtiles) character file.

Game seed: 14951200268286423437

117 Laan the Bolt Thrower (level 5, -2/32 HPs)
             Began as a Kobold Hunter on Feb 7, 2019.
             Slain by a goblin
             ... wielding a +0 club
             ... led by Robin
              (4 damage)
             ... on level 3 of the Dungeon.
             The game lasted 00:04:13 (1913 turns).

Laan the Bolt Thrower (Kobold Hunter)               Turns: 1913, Time: 00:04:14

Health: -2/32      AC:  0    Str:  9    XL:     5   Next: 22%
Magic:  5/5        EV: 16    Int: 12    God:
Gold:   108        SH:  0    Dex: 17    Spells: 4/4 levels left

rFire    . . .     SeeInvis .   b - +0 short sword
rCold    . . .     Gourm    .   (shield restricted)
rNeg     . . .     Faith    .   j - +0 leather armour (curse)
rPois    .         Spirit   .   (no helmet)
rElec    .         Reflect  .   (no cloak)
rCorr    .         Harm     .   (no gloves)
MR       .....                  (no boots)
Stlth    ++........             (no amulet)
HPRegen  0.10/turn              r - -3 ring of protection (curse)
MPRegen  0.09/turn              (no ring)

@: about to teleport
A: small, carnivore
a: no special abilities


You were on level 3 of the Dungeon.
You were completely stuffed.

You visited 1 branch of the dungeon, and saw 3 of its levels.

You collected 108 gold pieces.

Inventory:

Hand Weapons
 a - a +1 hand crossbow
 b - a +0 short sword (weapon)
Missiles
 d - 22 bolts
Armour
 c - a +0 leather armour
 j - a cursed +0 leather armour (worn)
Jewellery
 r - a cursed -3 ring of protection (left hand)
Scrolls
 p - 2 scrolls of identify
Potions
 e - 2 potions of mutation
 h - 2 potions of heal wounds {unknown}
 i - a potion of agility {unknown}
 l - a potion of curing {unknown}
 n - a potion of haste {unknown}
Comestibles
 f - 2 rations
 q - 4 chunks of flesh


   Skills:
 + Level 3.3 Fighting
 * Level 6.2 Crossbows
 + Level 3.6 Dodging
 - Level 1.3 Stealth


You had 4 spell levels left.
You didn't know any spells.
Your spell library was empty.

Dungeon Overview and Level Annotations

Branches:
Dungeon (3/15)

Altars:

Annotations:
D:3 Robin


Innate Abilities, Weirdness & Mutations

You are small and have problems with some larger weapons.
You are carnivorous and can eat meat at any time.


Message History

b - a +0 short sword (weapon)
The goblin closely misses you. The goblin misses you. x2
You hit the goblin but do no damage. The goblin barely misses you.
The goblin misses you. The goblin barely misses you.
The goblin hits you with a +0 dagger.
You closely miss the goblin. The goblin hits you with a +0 club.
* * * LOW HITPOINT WARNING * * *
The goblin closely misses you. x2; The goblin hits you with a +0 dagger.
* * * LOW HITPOINT WARNING * * *
You hit the goblin.
The goblin is moderately wounded.
The goblin misses you. x2; The goblin hits you but does no damage.
The goblin misses you.
As you read the scroll of teleportation, it crumbles to dust.
You feel strangely unstable.
The goblin no longer looks unusually strong.
The goblin hits you.
* * * LOW HITPOINT WARNING * * *
The goblin hits you with a +0 club.
You die...

. ##...##................
#.....##.#.(..##<...#..
#.....♣...#.#..#.##.#.###.
#####...###.....#.#..## ##
#...#.#.#÷.###..#.###.
#...#.#.#.## ##....#.. .
#.>.#.#..## ##....## #..
#...#g###.## ##..##...
#...#####@###..###...#####
.......#ggg...#.#.##.#####
#...ogg######.###......
#.>....(.g.# ### #######
#......(..## #......#.##
##(##.##.# .( .(. #.# (
...# #..


You could see Robin, an orc, a hobgoblin and 5 goblins.

Vanquished Creatures
  A worker ant (D:2)
  4 adders (D:2)
  An ooze (D:2)
  A worm (D:2)
  A dart slug (D:1)
  2 ball pythons (D:3)
  6 giant cockroaches
  6 goblins
  5 hobgoblins
  3 jackals (D:1)
  4 bats
  4 frilled lizards
  2 kobolds
  10 rats
50 creatures vanquished.

Notes
Turn   | Place    | Note
-------+----------+-------------------------------------------
     0 | D:1      | Laan the Kobold Hunter began the quest for the Orb.
     0 | D:1      | Reached XP level 1. HP: 12/12 MP: 1/1
    71 | D:1      | Reached skill level 5 in Crossbows
   104 | D:1      | Reached XP level 2. HP: 18/18 MP: 2/2
   992 | D:2      | Reached XP level 3. HP: 22/22 MP: 3/3
  1125 | D:2      | Reached XP level 4. HP: 27/27 MP: 4/4
  1446 | D:2      | Reached skill level 6 in Crossbows
  1628 | D:2      | Reached XP level 5. HP: 32/32 MP: 5/5
  1896 | D:3      | Noticed Robin
  1913 | D:3      | Slain by a goblin

Skill      XL: |  1  2  3  4 |
---------------+-------------+-----
Crossbows      | 5 6 |  6.2
Dodging        | 3 |  3.6
Fighting       | 3 |  3.3
Stealth        | |  1.3

Action                   |  1- 3 |  4- 6 || total
-------------------------+-------+-------++-------
Melee: Short sword       |    14 |     3 ||    17
 Fire: Hand crossbow     |    35 |    54 ||    89
  Use: Scroll            |       |     6 ||     6
 Stab: Sleeping          |     2 |       ||     2
  Eat: Chunk             |     9 |     2 ||    11
Armor: Leather armour    |     3 |       ||     3
Dodge: Dodged            |    11 |    22 ||    33
